 Dungeon Crawl Stone Soup version 0.24-a0-725-gf1a930fc54 (webtiles) character file.

Game seed: 6556217954984453906, levelgen mode: deterministic

11869 Kohma the Grappler (level 11, -1/90 HPs)
             Began as a Troll Monk on Oct 1, 2019.
             Was a High Priest of Hepliaklqana.
             Slain by a yak (12 damage)
             ... on level 11 of the Dungeon.
             The game lasted 00:36:54 (9599 turns).

Kohma the Grappler (Troll Monk)                     Turns: 9599, Time: 00:36:54

Health: -1/90      AC:  9    Str: 24    XL:     11   Next: 55%
Magic:  0/10       EV: 10    Int:  6    God:    Hepliaklqana [*****.]
Gold:   244        SH: 13    Dex: 12    Spells: 10/10 levels left

rFire    + . .     SeeInvis .     - Unarmed
rCold    . . .     Gourm    +   H - +2 shield
rNeg     . . .     Faith    .   l - +0 robe
rPois    .         Spirit   +   (helmet restricted)
rElec    .         Reflect  .   z - +2 cloak
rCorr    .         Harm     .   (gloves unavailable)
MR       .....                  (boots unavailable)
Stlth    ++........             k - amulet of guardian spirit
HPRegen  0.65/turn              r - ring of protection from fire
MPRegen  0.12/turn              n - +1 ring of slaying

@: no status effects
A: large, unfitting armour, reduced essence, claws 3, fast metabolism 3,
gourmand, regeneration 1, shaggy fur 1, tough skin 3
a: Recall Ancestor, Ancestor Identity, Transference, Idealise, Renounce Religion


You were on level 11 of the Dungeon.
You worshipped Hepliaklqana.
Hepliaklqana was extremely pleased with you.
You were very full.

You visited 2 branches of the dungeon, and saw 12 of its levels.
You also visited: Ossuary and Bailey.

You collected 476 gold pieces.
You spent 232 gold pieces at shops.

Inventory:

Missiles
 a - 16 poisoned darts (quivered)
 e - 422 stones
 i - 12 javelins
 u - a throwing net
 I - 16 boomerangs
Armour
 l - a +0 robe (worn)
 z - a +2 cloak (worn)
 H - a +2 shield (worn)
Jewellery
 k - an amulet of guardian spirit (around neck)
 n - a +1 ring of slaying (right claw)
 r - a ring of protection from fire (left claw)
 s - an uncursed ring of flight
Wands
 f - a wand of random effects (32)
 w - a wand of disintegration (8)
 x - a wand of flame (22)
 y - a wand of iceblast (4)
 E - a wand of acid (19)
 K - a wand of polymorph (3)
 P - a wand of enslavement (10)
Scrolls
 j - 2 scrolls of enchant armour {unknown}
 t - 2 scrolls of amnesia
 v - 3 scrolls of enchant weapon
 B - 5 scrolls of teleportation
 F - a scroll of fog
 G - a scroll of remove curse
 J - a scroll of fear
 M - 5 scrolls of identify
 N - a scroll of blinking
 O - a scroll of magic mapping
Potions
 c - 2 potions of resistance
 d - 13 potions of curing
 g - 3 potions of mutation
 h - 4 potions of heal wounds
 m - 5 potions of agility
 o - 2 potions of cancellation
 p - 2 potions of berserk rage
 q - 2 potions of brilliance
 A - a potion of degeneration {unknown}
 C - 7 potions of might
 D - a potion of flight {unknown}
 L - a potion of ambrosia {unknown}
 Q - a potion of haste
Comestibles
 b - 20 rations


   Skills:
 - Level 4.1 Fighting
 - Level 2.4 Dodging
 - Level 1.0 Stealth
 - Level 9.0 Shields
 + Level 14.3 Unarmed Combat


You had 10 spell levels left.
You didn't know any spells.
Your spell library contained the following spells:

 Spells                   Type           Power        Failure   Level  Hunger
 Beastly Appendage        Tmut           #.....       45%         1    ##.....
 Corona                   Hex            #......      45%         1    ##.....
 Ensorcelled Hibernation  Hex/Ice        #.....       58%         2    ###....
 Sticks to Snakes         Tmut           #.......     58%         2    ###....
 Confuse                  Hex            #.......     83%         3    ####...
 Dazzling Spray           Conj/Hex       #.....       83%         3    ####...
 Spider Form              Tmut/Pois      #.........   83%         3    ####...
 Tukima's Dance           Hex            #.......     83%         3    ####...
 Ice Form                 Ice/Tmut       #.......     99%         4    #####..
 Blade Hands              Tmut           #.........   100%        5    ######.


Dungeon Overview and Level Annotations

Branches:
Dungeon (11/15)            Temple (1/1) D:5             Orc (0/2) D:10
Ossuary (visited)          Bailey (visited)
   Lair: D:8-11

Altars:
Ashenzari
Cheibriados
Dithmenos
Elyvilon
Fedhas
Gozag
Hepliaklqana
Kikubaaqudgha
Makhleb
Nemelex Xobeh
Okawaru
Qazlal
Sif Muna
Trog
Uskayaw
Vehumet
Wu Jian
Xom
Yredelemnul
Zin
The Shining One

Shops:
D:10 [


Innate Abilities, Weirdness & Mutations

You are too large for most types of armour.
You have claws for hands.
Your metabolism is lightning-fast.
You like to eat raw meat.
Your natural rate of healing is unusually fast.
You are covered in fur. (AC +1)
You have extremely tough skin. (AC +3)
Your life essence is reduced to manifest your ancestor. (-10% HP)


Message History

You kill the crocodile!
You eviscerate the porcupine!!!
You kill the porcupine!
The yak is no longer moving slowly.
You mangle the yak!!
The yak is heavily wounded.
The yak gores you!
* * * LOW HITPOINT WARNING * * *
You closely miss the yak.
The yak is heavily wounded.
You scratch the yak but do no damage.
The yak is heavily wounded.
The yak completely misses you.
You claw the yak!
The yak is severely wounded.
You block the yak's attack.
You scratch the yak.
The yak is almost dead.
The yak gores you!
You die...

###############
#.............# .
#.###.........# #P.
#.###.........#....
#.................P
####......l.t...P..
#.#Y######...P..
#.#@# .....P.
#.#'#####.. ....
#........... ..P
#............ ..
#............ P
#........#PPP
#..........P .
###.#.......# ..
#...#.......+ ..P


You could see a yak.

Vanquished Creatures
  A two-headed ogre (D:10)
  An orc knight (Bailey)
  Pikel (D:5)
  Psyche (D:8)
  A gargoyle (D:10)
  A hornet (D:7)
  A troll (D:10)
  Prince Ribbit (D:9)
  2 hippogriffs
  Grinder (D:3)
  Sigmund (D:5)
  A spriggan (D:7)
  Eustachio (D:5)
  4 yaks (D:11)
  A hungry ghost (D:10)
  A basilisk (D:11)
  Duvessa (D:5)
  An ice beast (D:8)
  3 porcupines (D:11)
  A hornet zombie (Ossuary)
  4 orc warriors
  A necrophage (D:8)
  2 sky beasts
  7 ogres
  2 phantoms
  3 centaurs
  2 crocodiles (D:11)
  Blork the orc (D:4)
  9 bullfrogs
  Dowan (D:5)
  A wyvern skeleton (D:11)
  2 troll zombies (D:10)
  2 scorpions
  5 killer bees (D:10)
  3 wights (D:9)
  2 howler monkeys (D:9)
  3 crimson imps
  3 bullfrog zombies (Ossuary)
  A centaur zombie (D:8)
  A centaur skeleton (D:8)
  2 bullfrog skeletons
  4 hounds
  3 jellies
  2 orc priests
  Crazy Yiuf (D:6)
  4 iguanas
  13 mummies (Ossuary)
  7 orc wizards
  8 worker ants
  2 killer bee zombies (Ossuary)
  6 ogre zombies (D:10)
  A hound zombie (D:5)
  3 worker ant zombies
  6 gnolls
  A howler monkey skeleton (D:6)
  8 adders
  An ooze (D:2)
  3 adder zombies
  An adder skeleton (D:9)
  2 worms
  A dart slug (D:1)
  8 leopard geckos
  17 orcs
  5 giant cockroaches
  2 goblins (D:3)
  7 hobgoblins
  12 jackals
  10 kobolds
  4 quokkas
  2 ball pythons
  3 bats
  6 frilled lizards
  4 goblin zombies (D:10)
  3 hobgoblin skeletons (D:10)
  A jackal skeleton (D:9)
  An orc skeleton (D:10)
  15 orc zombies (D:10)
  A quokka zombie (D:5)
  2 rats (D:3)
  2 withered plants (Ossuary)
265 creatures vanquished.

Vanquished Creatures (collateral kills)
  Erica (D:8)
  A two-headed ogre (D:8)
  Joseph (D:10)
  A slave (D:5)
  A centaur (D:6)
  A killer bee (D:10)
  An orc priest (D:10)
  A worker ant (D:4)
  2 mummies (Ossuary)
  A gnoll (D:4)
  4 orcs
  A goblin (Bailey)
  4 kobolds (Bailey)
  A frilled lizard (D:3)
  2 orc zombies (D:10)
  A rat (D:3)
24 creatures vanquished.

Vanquished Creatures (others)
  8 hexers
  An orc (D:5)
  A quokka (D:9)
  3 withered plants (Ossuary)
13 creatures vanquished.

Grand Total: 302 creatures vanquished

Notes
Turn   | Place    | Note
-------+----------+-------------------------------------------
     0 | D:1      | Kohma the Troll Monk began the quest for the Orb.
     0 | D:1      | Reached XP level 1. HP: 22/22 MP: 0/0
    77 | D:1      | Reached XP level 2. HP: 29/29 MP: 1/1
   546 | D:2      | Reached XP level 3. HP: 33/36 MP: 2/2
   556 | D:2      | Found an iron altar of Okawaru.
   624 | D:2      | Reached skill level 4 in Unarmed Combat
  1161 | D:3      | Found a shadowy altar of Dithmenos.
  1315 | D:3      | Found a hazy altar of Hepliaklqana.
  1344 | D:3      | Reached XP level 4. HP: 45/45 MP: 3/3
  1442 | D:3      | Became a worshipper of Hepliaklqana the Forgotten
  1442 | D:3      | Reached * piety under Hepliaklqana
  1442 | D:3      | Reached ** piety under Hepliaklqana
  1597 | D:3      | Remembered your ancestor Dube as a hexer
  1620 | D:3      | Noticed Grinder
  1622 | D:3      | Paralysed by Grinder for 5 turns
  1635 | D:3      | Killed Grinder
  1635 | D:3      | Reached skill level 5 in Unarmed Combat
  1635 | D:3      | Reached XP level 5. HP: 31/48 MP: 1/4
  1635 | D:3      | Reached XP level 6. HP: 36/55 MP: 1/5
  1827 | D:4      | Reached skill level 6 in Unarmed Combat
  1996 | D:4      | Found a bloodstained altar of Trog.
  2056 | D:4      | Found a snail-covered altar of Cheibriados.
  2066 | D:4      | Reached skill level 7 in Unarmed Combat
  2066 | D:4      | Reached XP level 7. HP: 37/63 MP: 3/6
  2375 | D:4      | Noticed Blork the orc
  2379 | D:4      | Killed Blork the orc
  2382 | D:4      | Reached skill level 8 in Unarmed Combat
  2955 | D:5      | Entered Level 5 of the Dungeon
  2955 | D:5      | Found a sand-covered staircase.
  2961 | Ossuary  | Entered an ossuary
  3002 | Ossuary  | Reached skill level 1 in Shields
  3061 | Ossuary  | Reached XP level 8. HP: 69/70 MP: 7/7
  3159 | Ossuary  | Reached skill level 9 in Unarmed Combat
  3548 | D:5      | Noticed Sigmund
  3559 | D:5      | Killed Sigmund
  3579 | D:5      | Noticed Pikel
  3587 | D:5      | Killed Pikel
  3587 | D:5      | Reached XP level 9. HP: 69/75 MP: 6/8
  3653 | D:5      | Noticed Eustachio
  3664 | D:5      | Killed Eustachio
  3664 | D:5      | Reached skill level 10 in Unarmed Combat
  3815 | D:5      | Reached *** piety under Hepliaklqana
  3841 | D:5      | Noticed Duvessa
  3843 | D:5      | Noticed Dowan
  3847 | D:5      | Killed Duvessa
  3849 | D:5      | Killed Dowan
  4029 | D:5      | Reached skill level 5 in Shields
  4063 | D:5      | Found a shimmering altar of Xom.
  4102 | D:5      | Found an ornate altar of the Wu Jian Council.
  4233 | D:5      | Found a staircase to the Ecumenical Temple.
  4239 | Temple   | Entered the Ecumenical Temple
  4944 | D:6      | Found a shadowy altar of Dithmenos.
  5163 | D:6      | Found a runed translucent door.
  5164 | D:6      | Noticed Crazy Yiuf
  5177 | D:6      | Killed Crazy Yiuf
  5402 | D:7      | Reached skill level 11 in Unarmed Combat
  5410 | D:7      | Found an ancient bone altar of Kikubaaqudgha.
  5666 | D:7      | Found a blossoming altar of Fedhas.
  5920 | D:7      | Reached **** piety under Hepliaklqana
  6369 | D:8      | Reached XP level 10. HP: 76/82 MP: 6/9
  6508 | D:8      | Noticed Psyche
  6512 | D:8      | Killed Psyche
  6581 | D:8      | Noticed a two-headed ogre
  6590 | D:8      | Killed a two-headed ogre
  6732 | D:8      | Found a flagged portal.
  6821 | Bailey   | Entered a bailey
  6845 | Bailey   | Noticed an orc knight
  6853 | Bailey   | Killed an orc knight
  6853 | Bailey   | Reached skill level 12 in Unarmed Combat
  6872 | Bailey   | Found an iron altar of Okawaru.
  7108 | D:8      | Noticed Erica
  7122 | D:8      | Killed Erica
  7704 | D:9      | Found a white marble altar of Elyvilon.
  7721 | D:9      | Noticed Prince Ribbit
  7744 | D:9      | Killed Prince Ribbit
  7964 | D:9      | Reached XP level 11. HP: 89/90 MP: 10/10
  8006 | D:9      | Reached ***** piety under Hepliaklqana
  8132 | D:9      | Found a shattered altar of Ashenzari.
  8132 | D:9      | Found a burning altar of Makhleb.
  8380 | D:10     | Entered Level 10 of the Dungeon
  8397 | D:10     | Found a staircase to the Orcish Mines.
  8445 | D:10     | Reached skill level 13 in Unarmed Combat
  8611 | D:10     | Noticed a two-headed ogre
  8623 | D:10     | Killed a two-headed ogre
  8790 | D:10     | Found Uqeweg's Antique Armour Shoppe.
  8829 | D:10     | Bought a glowing shield for 232 gold pieces
  8848 | D:10     | Noticed Joseph
  8857 | D:10     | Killed Joseph
  9538 | D:11     | Reached skill level 14 in Unarmed Combat
  9588 | D:11     | HP: 4/90 [crocodile (4)]
  9599 | D:11     | Slain by a yak

Levels and vault maps discovered:
D:1:      scummos_arrival_hexagon, layout_rooms
D:2:      layout_basic, lemuel_doored_altar, minmay_between
D:3:      layout_basic, lemuel_crystal_altar, nicolae_dithmenos_shadow_blocks,
          uniq_grinder
D:4:      layout_loops_corners, kennysheep_mini_moat, bloody_trog, first_ration,
          dk_noncrumbling_4, uniq_blork_the_orc
D:5:      layout_basic, nicolae_overflow_hidden_temple,
          minmay_temple_entry_fiery, basic_altar,
          nicolae_ossuary_entry_monument, uniq_duvessa, uniq_sigmund,
          uniq_pikel, uniq_eustachio
D:6:      layout_rooms, basic_altar, uniq_crazy_yiuf_cottage
D:7:      layout_basic, kiku_gazebo_garden_becter, fedhas_altar_2, the_bakery
D:8:      layout_loops_ring, enter_bailey_8, uniq_erica, uniq_psyche
D:9:      layout_stronghold, elyvilon_altar_4, gammafunk_temple_overflow_wave,
          uniq_prince_ribbit1
D:10:     layout_loops_corners, zombieorc2_lemuel, serial_shops, shop,
          uniq_joseph
D:11:     minmay_the_grid_triangle_9x9_recursive_3_mashed
          [minmay_the_grid_triangle_9x9_odd_lines,
          minmay_the_grid_triangle_9x9_wacky_v,
          minmay_the_grid_triangle_9x9_minimal,
          minmay_the_grid_triangle_9x9_prize_top_heavy,
          minmay_the_grid_triangle_9x9_swiss_cheese,
          minmay_the_grid_triangle_9x9_zippers_horizontal,
          minmay_the_grid_triangle_9x9_corrupted_corridor,
          minmay_the_grid_triangle_9x9_stretched_checkered,
          minmay_the_grid_triangle_9x9_semitri], layout_basic,
          minmay_lair_entry_grove
Temple:   dpeg_chambers_temple

Skill      XL: |  1  2  3  4  5  6  7  8  9 10 11 |
---------------+----------------------------------+-----
Unarmed Combat | 4 5 7 8 9 11 12 14 | 14.3
Fighting       | 3 4 |  4.1
Shields        | 1 4 6 8 9 |  9.0
Dodging        | |  2.4
Stealth        | |  1.0

Action                   |  1- 3 |  4- 6 |  7- 9 | 10-12 || total
-------------------------+-------+-------+-------+-------++-------
Melee: Unarmed           |    89 |    50 |   270 |   370 ||   779
       Punch             |     1 |       |     1 |       ||     2
Invok: Ancestor Life: He |       |     1 |       |       ||     1
       Recall Ancestor   |       |       |       |     1 ||     1
 Abil: Evoke Flight      |       |       |     3 |     2 ||     5
  Use: Scroll            |     4 |       |    15 |       ||    19
       Potion            |       |       |       |     1 ||     1
 Stab: Sleeping          |     1 |     2 |     3 |     1 ||     7
       Distracted        |       |     1 |     2 |     2 ||     5
       Confused          |       |       |     3 |       ||     3
  Eat: Chunk             |    18 |     6 |    40 |    31 ||    95
       Ration            |       |       |       |     1 ||     1
Armor: Robe              |    42 |    13 |    57 |   109 ||   221
Dodge: Dodged            |    53 |    22 |    72 |   147 ||   294
Block: Shield            |       |       |    84 |   262 ||   346

Table legend:
 A = Non-vault XP
 B = Vault XP
 C = Vault XP percentage of total XP
 D = Non-vault monster count
 E = Vault monster count
 F = Vault count percentage of total count
                 A         B        C        D         E       F
            +---------+---------+-------+---------+---------+-------
      Total |    8811 |    8146 |  48.0 |     183 |     103 |  36.0
            +---------+---------+-------+---------+---------+-------
        D:1 |      27 |       0 |   0.0 |      14 |       0 |   0.0
        D:2 |      36 |       2 |   5.3 |      12 |       1 |   7.7
        D:3 |      90 |     258 |  74.1 |      25 |       1 |   3.8
        D:4 |     676 |      85 |  11.2 |      17 |       1 |   5.6
        D:5 |     250 |    1180 |  82.5 |      15 |       5 |  25.0
        D:6 |     454 |      37 |   7.5 |      16 |       1 |   5.9
        D:7 |    1142 |     215 |  15.8 |      21 |       1 |   4.5
        D:8 |    2086 |    1434 |  40.7 |      18 |       2 |  10.0
        D:9 |    1303 |     283 |  17.8 |      23 |       1 |   4.2
       D:10 |    2747 |    1107 |  28.7 |      22 |      37 |  62.7
       D:11 |       0 |    1750 | 100.0 |       0 |      12 | 100.0
    Ossuary |       0 |     797 | 100.0 |       0 |      25 | 100.0
     Bailey |       0 |     998 | 100.0 |       0 |      16 | 100.0
            +---------+---------+-------+---------+---------+-------
